 Dungeon Crawl Stone Soup version 0.17.0-26-gececa24 (webtiles) character file.

259 4thArraOfDagon the Poker (level 6, 1/47 HPs)
             Began as a Hill Orc Earth Elementalist on Nov 19, 2015.
             Quit the game in a sewer.
             The game lasted 00:07:52 (957 turns).

4thArraOfDagon the Poker (HOEE)                      Turns: 957, Time: 00:07:52

Health: 1/47       AC:  7    Str: 12 (13) XL:     6   Next: 17%
Magic:  8/8        EV:  9    Int: 15      God:
Gold:   93         SH:  0    Dex: 11      Spells: 2 memorised, 5 levels left

rFire  . . .     SeeInvis .     k - +0 glaive
rCold  . . .     Clarity  .     l - +0 scale mail
rNeg   . . .     SustAt   .     (shield currently unavailable)
rPois  .         Gourm    .     (no helmet)
rElec  .         Spirit   .     j - +0 cloak {MR+}
rCorr  .         Warding  .     (no gloves)
rMut   .         Stasis   .     (no boots)
MR     +....                    (no amulet)
Stlth  ..........               (no ring)
                                h - ring of loudness (curse)

@: lethally poisoned (1 -> -2), flying (expiring), somewhat resistant to hostile
enchantments, extremely unstealthy
A: no striking features
a: no special abilities


You were in a sewer.
You were not hungry.

You visited 1 branch of the dungeon, and saw 7 of its levels.
You also visited: Sewer.

You collected 93 gold pieces.

Inventory:

Hand Weapons
 e - a +0 blowgun
 g - a +0 dagger of venom
 k - a +0 glaive (weapon)
 m - a +2 dagger of draining
Missiles
 b - 23 stones (quivered)
 n - 9 poisoned needles
Armour
 j - a +0 cloak of magic resistance (worn)
 l - a +0 scale mail (worn)
Jewellery
 h - a cursed ring of loudness (left hand)
Books
 c - a book of Geomancy

   Spells                             Type                      Level
   a - Sandblast                      Earth                        1
   b - Stoneskin                      Transmutation/Earth          2
   c - Passwall                       Transmutation/Earth          3
   d - Stone Arrow                    Conjuration/Earth            3
   e - Petrify                        Transmutation/Earth          4
   f - Lee's Rapid Deconstruction     Earth                        5
Comestibles
 a - 3 chunks of flesh
 d - a bread ration
 f - a meat ration
 i - a slice of pizza


   Skills:
 + Level 1.0 Fighting
 * Level 5.9 Polearms
 + Level 1.0 Armour
 - Level 1.5 Dodging
 - Level 1.5 Stealth
 - Level 1.2 Unarmed Combat
 - Level 1.5 Spellcasting
 - Level 0.6 Transmutations
 - Level 3.0 Earth Magic


You had 5 spell levels left.
You knew the following spells:

 Your Spells              Type           Power        Failure   Level  Hunger
a - Sandblast             Erth           ##....       41%         1    ##.....
b - Stoneskin             Trmt/Erth      #.......     87%         2    ###....


Dungeon Overview and Level Annotations

Branches:
Dungeon (7/15)
 Temple: D:4-7

Altars:
Elyvilon
Kikubaaqudgha
Trog

Annotations:
D:3 Grinder
D:4 Eustachio


Message History

Unknown command.
Attack whom?
Press: ? - help, Dir - move target cursor, f - ball python
Aim: a ball python You reach to attack!
You slash the ball python!
You kill the ball python!
You are starting to lose your buoyancy.
* * * LOW HITPOINT WARNING * * *
You feel sick.
Unknown command.
Unknown command.
Unknown command.
Unknown command.
You aren't carrying any potions.
Unknown command.
* * * LOW HITPOINT WARNING * * *
You feel sick.
Unknown command.
Unknown command.
Are you sure you want to abandon this character and quit the game? (Confirm with "yes".)

##### ##≈≈.## .
#≈....#####....
#.≈..≈≈≈≈w≈...≈
#≈...@#####..≈.
##..≈## . ##≈##
#≈# #≈# ##†##
##.≈.##
...####.∩.≈.####
.≈.≈≈≈≈.≈∩≈≈≈≈≈≈


You could see a worm.

Vanquished Creatures
  A necrophage (D:6)
  2 giant frogs (D:6)
  A hound skeleton (D:6)
  2 adders
  A river rat (Sewer)
  A giant gecko (D:6)
  4 orcs (D:6)
  2 giant cockroaches
  A ball python (Sewer)
  2 bats
  A giant gecko skeleton (D:5)
  A kobold (Sewer)
  A quokka skeleton (D:6)
20 creatures vanquished.

Notes
Turn   | Place    | Note
--------------------------------------------------------------
     0 | D:1      | 4thArraOfDagon the Hill Orc Earth Elementalist began the quest for the Orb.
     0 | D:1      | Reached XP level 1. HP: 14/14 MP: 3/3
     3 | D:1      | Noticed an electric eel
     3 | D:1      | Noticed an electric eel
   150 | D:3      | Found a bloodstained altar of Trog.
   162 | D:3      | Reached skill level 1 in Unarmed Combat
   164 | D:3      | Noticed Grinder
   195 | D:4      | Found a white marble altar of Elyvilon.
   200 | D:5      | Entered Level 5 of the Dungeon
   202 | D:5      | Noticed a phantom
   202 | D:5      | Noticed a sky beast
   225 | D:5      | Noticed a crimson imp
   226 | D:5      | Noticed a hippogriff
   248 | D:4      | Noticed Eustachio
   352 | D:6      | Found an ancient bone altar of Kikubaaqudgha.
   475 | D:6      | Reached XP level 2. HP: 12/20 MP: 4/4
   509 | D:6      | Noticed a necrophage
   521 | D:6      | lets rot to death
   578 | D:6      | Killed a necrophage
   578 | D:6      | Reached skill level 4 in Polearms
   578 | D:6      | Reached XP level 3. HP: 16/24 MP: 0/5
   578 | D:6      | Reached XP level 4. HP: 20/31 MP: 0/6
   620 | D:7      | Noticed a hippogriff
   714 | D:6      | Reached XP level 5. HP: 17/36 MP: 7/7
   729 | D:6      | Learned a level 2 spell: Stoneskin
   750 | D:6      | Noticed a giant frog
   757 | D:6      | Killed a giant frog
   757 | D:6      | Reached skill level 5 in Polearms
   774 | D:6      | Noticed a giant frog
   801 | D:6      | Killed a giant frog
   801 | D:6      | Reached XP level 6. HP: 27/46 MP: 8/8
   896 | D:5      | Reached skill level 1 in Armour
   900 | D:5      | Found a glowing drain.
   911 | Sewer    | Entered a sewer
   918 | Sewer    | Reached skill level 1 in Fighting
   954 | Sewer    | HP: 2/47 [poisoned by a kobold]
   957 | Sewer    | Quit the game

Action                   |  1- 3 |  4- 6 || total
-------------------------+-------+-------++-------
Melee: Glaive            |    11 |    56 ||    67
 Cast: Sandblast         |    13 |     1 ||    14
  Use: Scroll            |     4 |       ||     4
       Potion            |     1 |     4 ||     5
  Eat: Chunk             |       |     1 ||     1
